[Event "23rd ETCC Women 2021"]
[Site "Catez"]
[Date "2021.11.12"]
[Round "1.20"]
[White "Onur, Cigdem"]
[Black "Beydullayeva, Govhar"]
[Result "0-1"]
[ECO "B96"]
[WhiteElo "2015"]
[BlackElo "2278"]
[Annotator "NA"]
[PlyCount "114"]
[EventDate "2021.11.08"]
[EventType "team-tourn"]
[EventCountry "SLO"]
[SourceTitle "playchess.com"]
[Source "ChessBase"]
[SourceQuality "1"]
[WhiteTeam "Turkey"]
[BlackTeam "Azerbaijan"]
[WhiteTeamCountry "TUR"]
[BlackTeamCountry "AZE"]
[TimeControl "40/5400+30:1800+30"]

1. e4 c5 2. Nf3 d6 3. d4 cxd4 4. Nxd4 Nf6 5. Nc3 a6 6. Bg5 e6 7. f4 Nbd7 8. Qf3 Qc7 9. O-O-O b5 10. Bd3 Bb7 11. Rhe1 Qb6 12. Bxf6 Nxf6 13. Qh3 Be7 14. e5 dxe5 15. fxe5 Nd5 16. Ne4 O-O-O 17. Nf3 Nb4 18. Kb1 Qa5 19. a3 Nxd3 20. Rxd3 Rxd3 21. cxd3 b4 22. axb4 Bxb4 23. Rc1+ Kb8 24. Qg4 Rd8 25. Qxg7 Qb5 26. Nf2 Ba3 27. Rc2 Rc8 28. Nd4 Qb6 29. Nd1 Qxd4 30. Rxc8+ Bxc8 31. bxa3 Qxd3+ 32. Kc1 Qxa3+ 33. Kd2 Qb4+ 34. Nc3 Qd4+ 35. Kc2 h5 36. Qg5 h4 37. Ne2 Qe4+ 38. Kd2 Bb7 39. g3 Qd5+ 40. Kc3 f5 41.
Qf4 Qa5+ 42. Kd4 Qb6+ 43. Kc3 Qa5+ 44. Kd4 hxg3 45. Nxg3 Qb4+ 46. Ke3 Qb6+ 47. Qd4 f4+ 48. Kd3 Qxd4+ 49. Kxd4 fxg3 50. hxg3 Kc7 51. g4 Bf3 52. g5 Bh5 53. Kc5 Bg6 54. Kb4 Kc6 55. Ka5 Kd5 56. Kxa6 Kxe5 57. Kb5 Kd4 0-1

[Event "23rd ETCC Women 2021"]
[Site "Catez"]
[Date "2021.11.12"]
[Round "1.21"]
[White "Cramling, Pia"]
[Black "Guichard, Pauline"]
[Result "1-0"]
[ECO "D43"]
[WhiteElo "2457"]
[BlackElo "2409"]
[Annotator "ChessBase"]
[PlyCount "85"]
[EventDate "2021.11.08"]
[EventType "team-tourn"]
[EventCountry "SLO"]
[SourceTitle "playchess.com"]
[Source "ChessBase"]
[SourceQuality "1"]
[WhiteTeam "Sweden"]
[BlackTeam "France"]
[WhiteTeamCountry "SWE"]
[BlackTeamCountry "FRA"]
[TimeControl "40/5400+30:1800+30"]

1. d4 Nf6 2. c4 e6 3. Nf3 d5 4. Nc3 dxc4 5. Qa4+ c6 6. Qxc4 b5 7. Qd3 a6 8. Bg5 c5 9. Bxf6 gxf6 10. d5 Bb7 11. e4 Nd7 12. Rd1 Qc7 13.
Be2 O-O-O 14. O-O Kb8 15. dxe6 fxe6 16. a4 b4 17. Nb1 f5 18. exf5 e5 19. Qe3 Bd6 20. Ng5 Rhg8 21. Bc4 Nf6 22. f3 e4 23. Rxd6 Qxd6 24. Bxg8 Rxg8 25. Nxe4 Qe5 26. Nbd2 Qxb2 27. Rb1 Qe5 28. Qxc5 Nd5 29. Qd6+ Qxd6 30. Nxd6 Bc6 31. a5 Kc7 32. N6c4 h5 33. Ne4 h4 34. Kf2 Nf4 35. g3 Nh3+ 36. Ke3 hxg3 37. hxg3 Bxe4 38. fxe4 Rxg3+ 39. Kd4 b3 40. Ne3 Nf4 41. Rxb3 Ne2+ 42. Ke5 Rg8 43. Nd5+ 1-0

[Event "23rd ETCC Women 2021"]
[Site "Catez"]
[Date "2021.11.12"]
[Round "1.23"]
[White "Andric, Jelena"]
[Black "Benmesbah, Natacha"]
[Result "1-0"]
[ECO "E67"]
[WhiteElo "2041"]
[BlackElo "2256"]
[Annotator "NA"]
[PlyCount "81"]
[EventDate "2021.11.08"]
[EventType "team-tourn"]
[EventCountry "SLO"]
[SourceTitle "playchess.com"]
[Source "ChessBase"]
[SourceQuality "1"]
[WhiteTeam "Sweden"]
[BlackTeam "France"]
[WhiteTeamCountry "SWE"]
[BlackTeamCountry "FRA"]
[TimeControl "40/5400+30:1800+30"]

1. Nf3 d6 2. c4 Nf6 3. g3 g6 4. Nc3 Bg7 5. Bg2 e5 6. d4 Nbd7 7. O-O O-O 8. dxe5 dxe5 9. Qc2 c6 10. Rd1 Qe7 11. e4 Re8 12. h3 h6 13.
Be3 a5 14. Na4 b5 15. cxb5 cxb5 16. Nc3 Bb7 17. Ne1 b4 18. Nd5 Nxd5 19. exd5 Qd6 20. Qd2 Kh7 21. a3 Nf6 22. axb4 axb4 23. Rxa8 Bxa8 24. Nc2 Rb8 25. Ba7 Rb5 26. Ne3 Qa6 27. Bf1 Qxa7 28. Bxb5 Ne4 29. Qc2 Nxg3 30. Bc6 b3 31. Qc4 Bf6 32. Bxa8 Bg5 33. Ng4 h5 34. Nxe5 Nf5 35. d6 Kg7 36. Qxf7+ Qxf7 37. Nxf7 Kxf7 38. d7 Bd8 39. Bd5+ Ke7 40. Bxb3 Nd6 41. Ba4 1-0

[Event "23rd ETCC Women 2021"]
[Site "Catez"]
[Date "2021.11.12"]
[Round "1.24"]
[White "Navrotescu, Andreea"]
[Black "Zaritovskaja, Margarita"]
[Result "1-0"]
[ECO "D05"]
[WhiteElo "2210"]
[BlackElo "2040"]
[Annotator "ChessBase"]
[PlyCount "131"]
[EventDate "2021.11.08"]
[EventType "team-tourn"]
[EventCountry "SLO"]
[SourceTitle "playchess.com"]
[Source "ChessBase"]
[SourceQuality "1"]
[WhiteTeam "France"]
[BlackTeam "Sweden"]
[WhiteTeamCountry "FRA"]
[BlackTeamCountry "SWE"]
[TimeControl "40/5400+30:1800+30"]

1. d4 Nf6 2. Nf3 e6 3. e3 d5 4. Bd3 c5 5. O-O Bd6 6. b3 O-O 7. Bb2 Nc6 8. Ne5 Qc7 9. Nxc6 bxc6 10. dxc5 Bxh2+ 11. Kh1 Be5 12. Bd4 Bxd4 13. exd4 e5 14. Be2 e4 15. Qd2 e3 16. Qxe3 Re8 17. Qd3 Qf4 18. Bf3 Bf5 19. Qc3 Re6 20. Kg1 Ne4 21. Bxe4 Bxe4 22. f3 Rh6 23. Nd2 Bxc2 24. Rfe1 Qh2+ 25. Kf2 Qh4+ 26. Kg1 Bf5 27. Nf1 Rg6 28. Qe3 h5 29. Re2 Qf6 30. Qe5 Qg5 31. f4 Qf6 32. Qxf6 Rxf6 33. g3 Be4 34. Nd2 Re8 35. Rae1 Rfe6 36. b4 Bd3 37. Rxe6 Rxe6 38. Rxe6 fxe6 39. Nb3 Kf8 40. Na5 Bb5 41. Nb7 a6 42. Nd6 Ke7 43. Kf2 Kf6 44. Kf3 g6 45. Ke3 g5 46. Ne8+ Kf7 47. Nc7 g4 48. Na8 Kf6 49. Nb6 Ke7 50. a4 Bf1 51. Nc8+ Kd7 52. Nd6 Bc4 53. f5 exf5 54. Nxf5 Bb3 55. a5 Bc2 56. Ng7 Bg6 57. Kf4 h4 58. gxh4 g3 59. Kxg3 Ke7 60. h5 Bd3 61. Kf4 Kf6 62. Ne8+ Ke7 63. Nc7 Kf6 64. b5 cxb5 65. Nxa6 Bf5 66. Nb4 1-0

[Event "23rd ETCC Women 2021"]
[Site "Catez"]
[Date "2021.11.12"]
[Round "1.25"]
[White "Heinemann, Josefine"]
[Black "Georgescu, Lena"]
[Result "1-0"]
[ECO "B90"]
[WhiteElo "2336"]
[BlackElo "2262"]
[Annotator "NA"]
[PlyCount "98"]
[EventDate "2021.11.08"]
[EventType "team-tourn"]
[EventCountry "SLO"]
[SourceTitle "playchess.com"]
[Source "ChessBase"]
[SourceQuality "1"]
[WhiteTeam "Germany"]
[BlackTeam "Switzerland"]
[WhiteTeamCountry "GER"]
[BlackTeamCountry "SUI"]
[TimeControl "40/5400+30:1800+30"]

1. e4 c5 2. Nf3 d6 3. d4 cxd4 4. Nxd4 Nf6 5. Nc3 a6 6. f3 e5 7. Nb3 Be6 8. Be3 Be7 9. Qd2 h5 10. Be2 Nbd7 11. a4 Qc7 12. O-O Rc8 13.
a5 O-O 14. Rfc1 Rfe8 15. Nd5 Bxd5 16. exd5 e4 17. f4 Ng4 18. Bxg4 hxg4 19. c4 Nf6 20. Nd4 Qd7 21. g3 Nh5 22. b4 Bf6 23.
Ra2 g6 24. Rac2 Ng7 25. Kg2 Rc7 26. Ne2 Nf5 27. Bb6 Rcc8 28.
Kg1 Kg7 29. Nd4 Nxd4 30. Bxd4 Bxd4+ 31. Qxd4+ Kg8 32. Re2 Qe7 33. c5 f5 34. Rc3 dxc5 35. bxc5 Red8 36. Rb2 Qf7 37. d6 Rd7 38. Kf2 Qe6 39. Ke3 Rh7 40. Qc4 Qxc4 41. Rxc4 Rd7 42. Kd4 Re8 43. Rb3 Kf7 44. Rcb4 Ke6 45. Rxb7 Rxb7 46. Rxb7 Rh8 47. Re7+ Kf6 48. c6 Rxh2 49. c7 Rd2+ 1-0

[Event "23rd ETCC Women 2021"]
[Site "Catez"]
[Date "2021.11.12"]
[Round "1.26"]
[White "Hakimifard, Ghazal"]
[Black "Klek, Hanna Marie"]
[Result "1-0"]
[ECO "C77"]
[WhiteElo "2267"]
[BlackElo "2343"]
[Annotator "NA"]
[PlyCount "65"]
[EventDate "2021.11.08"]
[EventType "team-tourn"]
[EventCountry "SLO"]
[SourceTitle "playchess.com"]
[Source "ChessBase"]
[SourceQuality "1"]
[WhiteTeam "Switzerland"]
[BlackTeam "Germany"]
[WhiteTeamCountry "SUI"]
[BlackTeamCountry "GER"]
[TimeControl "40/5400+30:1800+30"]

1. e4 e5 2. Nf3 Nc6 3. Bb5 a6 4. Ba4 Nf6 5. d3 d6 6. c3 g6 7. O-O Bg7 8. Nbd2 O-O 9. Re1 h6 10. Nf1 b5 11. Bb3 Re8 12. h3 a5 13. a4 b4 14. Ne3 Rb8 15. Nd5 bxc3 16. bxc3 Nxd5 17. Bxd5 Ne7 18. Ba2 d5 19. Ba3 c6 20. d4 exd4 21. Nxd4 Bb7 22. Qf3 Nc8 23. exd5 Rxe1+ 24. Rxe1 cxd5 25. Qf4 Ra8 26. Nb5 Bc6 27. Bc5 Bxb5 28. axb5 a4 29. Qf3 Nb6 30. Re7 f5 31. Bxb6 Qxe7 32. Qxd5+ Kh7 33. Qxa8 1-0

[Event "23rd ETCC Women 2021"]
[Site "Catez"]
[Date "2021.11.12"]
[Round "1.27"]
[White "Schneider, Jana"]
[Black "Stoeri, Laura"]
[Result "1-0"]
[ECO "C96"]
[WhiteElo "2269"]
[BlackElo "2130"]
[Annotator "NA"]
[PlyCount "77"]
[EventDate "2021.11.08"]
[EventType "team-tourn"]
[EventCountry "SLO"]
[SourceTitle "playchess.com"]
[Source "ChessBase"]
[SourceQuality "1"]
[WhiteTeam "Germany"]
[BlackTeam "Switzerland"]
[WhiteTeamCountry "GER"]
[BlackTeamCountry "SUI"]
[TimeControl "40/5400+30:1800+30"]

1. e4 e5 2. Nf3 Nc6 3. Bb5 a6 4. Ba4 Nf6 5. O-O Be7 6. Re1 b5 7. Bb3 d6 8. c3 O-O 9. h3 Na5 10. Bc2 c5 11. d4 cxd4 12. cxd4 Nc6 13. Nc3 Bb7 14. d5 Nb8 15. Be3 Nbd7 16. Qd2 Rc8 17. Rec1 Re8 18. Qe1 Qc7 19. Bb1 Qa5 20. a3 Qd8 21. Nd2 Nb6 22. Bd3 Nfd7 23.
b4 f5 24. f3 Bh4 25. Qe2 Nf6 26. a4 f4 27. Bf2 Bxf2+ 28. Qxf2 bxa4 29. Qf1 Nh5 30. Qd1 Qd7 31. b5 Rxc3 32. Rxc3 axb5 33. Qb1 Ba6 34. Qb4 Na8 35. Kh2 Rd8 36. Rac1 Qa7 37. Qa5 Rb8 38. Rc6 Rb6 39. Rc8+ 1-0

[Event "23rd ETCC Women 2021"]
[Site "Catez"]
[Date "2021.11.12"]
[Round "1.28"]
[White "De Seroux, Camille"]
[Black "Lubbe, Melanie"]
[Result "0-1"]
[ECO "A45"]
[WhiteElo "2125"]
[BlackElo "2311"]
[Annotator "NA"]
[PlyCount "54"]
[EventDate "2021.11.08"]
[EventType "team-tourn"]
[EventCountry "SLO"]
[SourceTitle "playchess.com"]
[Source "ChessBase"]
[SourceQuality "1"]
[WhiteTeam "Switzerland"]
[BlackTeam "Germany"]
[WhiteTeamCountry "SUI"]
[BlackTeamCountry "GER"]
[TimeControl "40/5400+30:1800+30"]

1. d4 Nf6 2. Bf4 g6 3. Nc3 d5 4. e3 a6 5. Be2 Bg7 6. h4 c5 7. dxc5 Qa5 8. Qd2 Qxc5 9. O-O-O O-O 10. h5 Nc6 11. hxg6 fxg6 12. Bh6 Bxh6 13. Rxh6 Be6 14. f3 Rad8 15. Bd3 Kg7 16. Rh2 Bg8 17. Nge2 e5 18. e4 dxe4 19. Qh6+ Kh8 20. Nxe4 Nxe4 21. fxe4 Rxd3 22. Rxd3 Nb4 23. Nc3 Nxd3+ 24. cxd3 Rf1+ 25. Kd2 Qf2+ 26.
Ne2 Qe1+ 27. Ke3 Rf2 0-1

[Event "23rd ETCC Women 2021"]
[Site "Catez"]
[Date "2021.11.12"]
[Round "1.29"]
[White "Cvitan, Ena"]
[Black "Mkrtchian, Lilit"]
[Result "0-1"]
[ECO "E11"]
[WhiteElo "2234"]
[BlackElo "2379"]
[Annotator "NA"]
[PlyCount "48"]
[EventDate "2021.11.08"]
[EventType "team-tourn"]
[EventCountry "SLO"]
[SourceTitle "playchess.com"]
[Source "ChessBase"]
[SourceQuality "1"]
[WhiteTeam "Croatia"]
[BlackTeam "Armenia"]
[WhiteTeamCountry "CRO"]
[BlackTeamCountry "ARM"]
[TimeControl "40/5400+30:1800+30"]

1. d4 Nf6 2. c4 e6 3. Nf3 Bb4+ 4. Nbd2 O-O 5. a3 Be7 6. e4 d6 7. Be2 Nbd7 8. O-O e5 9. d5 Nc5 10. Qc2 a5 11. b3 Nh5 12. g3 f5 13.
Nxe5 Qe8 14. Nd3 Nxe4 15. Bb2 Bg5 16. Nf3 f4 17. Nxg5 Nxg5 18.
Rae1 Qg6 19. Qc3 f3 20. Bd1 Bh3 21. Bc2 Bg2 22. h4 Nh3+ 23.
Kh2 Nf6 24. Ne5 dxe5 0-1

[Event "23rd ETCC Women 2021"]
[Site "Catez"]
[Date "2021.11.12"]
[Round "1.30"]
[White "Sargsyan, Anna M."]
[Black "Medic, Mirjana"]
[Result "1/2-1/2"]
[ECO "D37"]
[WhiteElo "2385"]
[BlackElo "2196"]
[Annotator "NA"]
[PlyCount "100"]
[EventDate "2021.11.08"]
[EventType "team-tourn"]
[EventCountry "SLO"]
[SourceTitle "playchess.com"]
[Source "ChessBase"]
[SourceQuality "1"]
[WhiteTeam "Armenia"]
[BlackTeam "Croatia"]
[WhiteTeamCountry "ARM"]
[BlackTeamCountry "CRO"]
[TimeControl "40/5400+30:1800+30"]

1. d4 d5 2. c4 e6 3. Nf3 Nf6 4. Nc3 Be7 5. Bf4 O-O 6. e3 b6 7. cxd5 Nxd5 8. Nxd5 exd5 9. Bd3 c5 10. dxc5 bxc5 11. O-O Nd7 12. b4 Bb7 13. bxc5 Nxc5 14. Bc2 Ba6 15. Re1 Ne4 16. Nd4 Bf6 17. Rc1 Rc8 18. f3 Nd6 19. Bb3 Bc4 20. Kh1 Qb6 21. Rb1 Qa6 22. Bc2 Nb5 23. Nxb5 Bxb5 24. Bf5 Rc6 25. Qxd5 Bc4 26. Qe4 Bxa2 27. Rbc1 Rxc1 28. Bxh7+ Kh8 29. Rxc1 g6 30. Bxg6 fxg6 31.
Qxg6 Bf7 32. Qh6+ Kg8 33. Be5 Rc8 34. Rg1 Rc6 35. Bxf6 Rxf6 36. Qg5+ Rg6 37. Qd8+ Kg7 38. Qd4+ Kh7 39. f4 Qb6 40. f5 Rh6 41.
Qd7 Kg7 42. e4 Qb8 43. h3 Qe5 44. Qd3 Rd6 45. Qe3 a5 46. Rc1 a4 47. Re1 Be8 48. Rc1 Bf7 49. Re1 Be8 50. Rc1 Bf7 1/2-1/2

[Event "23rd ETCC Women 2021"]
[Site "Catez"]
[Date "2021.11.12"]
[Round "1.31"]
[White "Berke, Ana"]
[Black "Gaboyan, Susanna"]
[Result "0-1"]
[ECO "B31"]
[WhiteElo "2135"]
[BlackElo "2253"]
[Annotator "NA"]
[PlyCount "95"]
[EventDate "2021.11.08"]
[EventType "team-tourn"]
[EventCountry "SLO"]
[SourceTitle "playchess.com"]
[Source "ChessBase"]
[SourceQuality "1"]
[WhiteTeam "Croatia"]
[BlackTeam "Armenia"]
[WhiteTeamCountry "CRO"]
[BlackTeamCountry "ARM"]
[TimeControl "40/5400+30:1800+30"]

1. e4 c5 2. Nf3 Nc6 3. Bb5 g6 4. O-O Bg7 5. Bxc6 dxc6 6. h3 e5 7. d3 f6 8. a4 Nh6 9. Nbd2 Be6 10. Nc4 Nf7 11. Be3 Qe7 12. Nfd2 g5 13.
Nb3 b6 14. a5 Bxc4 15. dxc4 O-O 16. Qg4 Nd6 17. Nd2 Qf7 18. Rfd1 h5 19. Qe2 Qg6 20. axb6 axb6 21. b4 Nxe4 22. Rxa8 Rxa8 23. Nxe4 Qxe4 24. bxc5 bxc5 25. Qxh5 Qxc4 26. Rd7 Qe6 27. Rb7 Qe8 28. Qg4 e4 29. h4 Rb8 30. Rxb8 Qxb8 31. Qe6+ Kh8 32. hxg5 fxg5 33. Qh3+ Kg8 34. Qe6+ Kh8 35. Qxe4 Qd8 36. g3 Bd4 37. Bxd4+ Qxd4 38. Qxd4+ cxd4 39. Kg2 Kg7 40. Kf3 Kf6 41. Ke4 c5 42. Kd5 g4 43. Ke4 Ke6 44. Kf4 Kd5 45.
f3 c4 46. fxg4 c3 47. g5 d3 48. g6 0-1

[Event "23rd ETCC Women 2021"]
[Site "Catez"]
[Date "2021.11.12"]
[Round "1.32"]
[White "Ghukasyan, Siranush"]
[Black "Radikovic, Anamarija"]
[Result "0-1"]
[ECO "B90"]
[WhiteElo "2168"]
[BlackElo "2124"]
[Annotator "NA"]
[PlyCount "60"]
[EventDate "2021.11.08"]
[EventType "team-tourn"]
[EventCountry "SLO"]
[SourceTitle "playchess.com"]
[Source "ChessBase"]
[SourceQuality "1"]
[WhiteTeam "Armenia"]
[BlackTeam "Croatia"]
[WhiteTeamCountry "ARM"]
[BlackTeamCountry "CRO"]
[TimeControl "40/5400+30:1800+30"]

1. e4 c5 2. Nf3 d6 3. d4 cxd4 4. Nxd4 Nf6 5. Nc3 a6 6. h3 e5 7. Nde2 Be6 8. Bg5 Nbd7 9. g3 h6 10. Be3 b5 11. Bg2 Rc8 12. a3 Nb6 13.
b3 Be7 14. O-O O-O 15. Qd2 Qc7 16. f4 Rfd8 17. f5 Bd7 18. Ra2 Bc6 19. Nd5 Bxd5 20. exd5 Nbd7 21. Kh2 Nh7 22. Bg1 Re8 23. c3 Bf6 24. a4 Nc5 25. axb5 axb5 26. Qc2 e4 27. Bd4 Nd3 28. Bxf6 Nxf6 29. Bxe4 Nb4 30. cxb4 Qxc2 0-1

[Event "23rd ETCC Women 2021"]
[Site "Catez"]
[Date "2021.11.12"]
[Round "1.33"]
[White "Vega Gutierrez, Sabrina"]
[Black "Toma, Katarzyna"]
[Result "1-0"]
[ECO "E14"]
[WhiteElo "2394"]
[BlackElo "2261"]
[Annotator "NA"]
[PlyCount "60"]
[EventDate "2021.11.08"]
[EventType "team-tourn"]
[EventCountry "SLO"]
[SourceTitle "playchess.com"]
[Source "ChessBase"]
[SourceQuality "1"]
[WhiteTeam "Spain"]
[BlackTeam "England"]
[WhiteTeamCountry "ESP"]
[BlackTeamCountry "ENG"]
[TimeControl "40/5400+30:1800+30"]

1. Nf3 Nf6 2. c4 e6 3. e3 b6 4. b3 Bb7 5. Bb2 Be7 6. Be2 O-O 7. O-O c5 8. d4 d5 9. Nc3 Nbd7 10. Rc1 Rc8 11. cxd5 Nxd5 12. Nxd5 Bxd5 13. Ba6 Rc7 14. Qe2 Qa8 15. Rfe1 Nf6 16. b4 c4 17. a3 Qc6 18. Ne5 Qa4 19. Bxc4 Rfc8 20. Bd3 a5 21. e4 Rxc1 22. Bxc1 Bb7 23. Nc4 Qc6 24. b5 Qc7 25. f3 Nd7 26. Be3 g6 27. Qd2 Qd8 28.
Bf1 f5 29. d5 exd5 30. exd5 Bc5 1-0

[Event "23rd ETCC Women 2021"]
[Site "Catez"]
[Date "2021.11.12"]
[Round "1.34"]
[White "Head, Louise"]
[Black "Matnadze, Ana"]
[Result "0-1"]
[ECO "E12"]
[WhiteElo "2069"]
[BlackElo "2418"]
[Annotator "NA"]
[PlyCount "56"]
[EventDate "2021.11.08"]
[EventType "team-tourn"]
[EventCountry "SLO"]
[SourceTitle "playchess.com"]
[Source "ChessBase"]
[SourceQuality "1"]
[WhiteTeam "England"]
[BlackTeam "Spain"]
[WhiteTeamCountry "ENG"]
[BlackTeamCountry "ESP"]
[TimeControl "40/5400+30:1800+30"]

1. d4 Nf6 2. c4 e6 3. Nf3 b6 4. a3 Bb7 5. Nc3 d5 6. cxd5 exd5 7. g3 Be7 8.
Bg2 O-O 9. O-O c5 10. Ne5 Nbd7 11. Nd3 cxd4 12. Nb5 Ne4 13. Nxd4 Bf6 14. Nf5 Ndc5 15. Nxc5 bxc5 16. Qc2 Qb6 17. a4 Rfe8 18. Bf4 Rad8 19. g4 Ba6 20. Rab1 Qb4 21. h3 g6 22. Nh6+ Kg7 23. Rfc1 Bg5 24. Bxg5 Nxg5 25. h4 Ne6 26. g5 Nd4 27. Qxc5 Nxe2+ 28. Kh2 Qf4+ 0-1

[Event "23rd ETCC Women 2021"]
[Site "Catez"]
[Date "2021.11.12"]
[Round "1.35"]
[White "Eizaguerri Floris, Maria"]
[Black "Emelianova, Maria"]
[Result "1-0"]
[ECO "B32"]
[WhiteElo "2328"]
[BlackElo "2113"]
[Annotator "NA"]
[PlyCount "57"]
[EventDate "2021.11.08"]
[EventType "team-tourn"]
[EventCountry "SLO"]
[SourceTitle "playchess.com"]
[Source "ChessBase"]
[SourceQuality "1"]
[WhiteTeam "Spain"]
[BlackTeam "England"]
[WhiteTeamCountry "ESP"]
[BlackTeamCountry "ENG"]
[TimeControl "40/5400+30:1800+30"]

1. e4 c5 2. Nf3 Nc6 3. d4 cxd4 4. Nxd4 e5 5. Nb5 a6 6. Nd6+ Bxd6 7. Qxd6 Qf6 8. Qd1 Qg6 9. Nc3 d5 10. Nxd5 Qxe4+ 11. Be3 Nd4 12. Nc7+ Ke7 13. Be2 Nxc2+ 14. Kf1 Nxe3+ 15. fxe3 Nf6 16. Nxa8 Rd8 17. Qe1 Nd5 18. Bf3 Nxe3+ 19. Kg1 Qd4 20. Qf2 f5 21. Re1 f4 22. h3 Bf5 23. Qh4+ Kf8 24. Kh2 Rxa8 25. Rc1 Qxb2 26. Rc7 e4 27. Qe7+ Kg8 28. Bxe4 Bxe4 29. Qe6+ 1-0

[Event "23rd ETCC Women 2021"]
[Site "Catez"]
[Date "2021.11.12"]
[Round "1.36"]
[White "Bayat, Shohreh"]
[Black "Calzetta Ruiz, Monica"]
[Result "0-1"]
[ECO "C24"]
[WhiteElo "2091"]
[BlackElo "2201"]
[Annotator "NA"]
[PlyCount "84"]
[EventDate "2021.11.08"]
[EventType "team-tourn"]
[EventCountry "SLO"]
[SourceTitle "playchess.com"]
[Source "ChessBase"]
[SourceQuality "1"]
[WhiteTeam "England"]
[BlackTeam "Spain"]
[WhiteTeamCountry "ENG"]
[BlackTeamCountry "ESP"]
[TimeControl "40/5400+30:1800+30"]

1. e4 e5 2. Bc4 Nf6 3. d3 c6 4. Bb3 d5 5. Qe2 Bb4+ 6. c3 Bd6 7. Nf3 O-O 8. O-O Re8 9. Bg5 a5 10. a4 Qb6 11. Nbd2 Nbd7 12. Rab1 h6 13.
Be3 Qc7 14. Nh4 Nc5 15. Bc2 Ne6 16. Nf5 d4 17. cxd4 exd4 18.
Nxd6 Qxd6 19. Nc4 Qc7 20. Bd2 b5 21. Na3 Bd7 22. Qf3 Nc5 23.
h3 Nh7 24. Bf4 Qd8 25. Bd6 Ng5 26. Qg3 Nxa4 27. Bxa4 bxa4 28. f4 Nh7 29. Nc4 Be6 30. e5 Ra7 31. Bc5 Bxc4 32. Bxa7 Bb5 33. Bc5 Qd5 34. Rfc1 Re6 35. Rd1 Rg6 36. Qxg6 fxg6 37. Rbc1 Nf8 38. Bd6 Ne6 39. g3 c5 40. Kh2 Qf3 41. Rd2 Bxd3 42. Bxc5 Qe3 0-1

[Event "23rd ETCC Women 2021"]
[Site "Catez"]
[Date "2021.11.12"]
[Round "1.37"]
[White "Novkovic, Julia"]
[Black "Bulmaga, Irina"]
[Result "0-1"]
[ECO "B51"]
[WhiteElo "2082"]
[BlackElo "2405"]
[Annotator "NA"]
[PlyCount "60"]
[EventDate "2021.11.08"]
[EventType "team-tourn"]
[EventCountry "SLO"]
[SourceTitle "playchess.com"]
[Source "ChessBase"]
[SourceQuality "1"]
[WhiteTeam "Austria"]
[BlackTeam "Romania"]
[WhiteTeamCountry "AUT"]
[BlackTeamCountry "ROU"]
[TimeControl "40/5400+30:1800+30"]

1. e4 c5 2. Nf3 d6 3. Bb5+ Nd7 4. O-O a6 5. Bd3 b5 6. c4 Rb8 7. Re1 b4 8. a3 a5 9. Bc2 e5 10. axb4 axb4 11. Ba4 Ngf6 12. d4 cxd4 13. c5 Qc7 14. c6 Nc5 15.
Nxd4 Nxa4 16. Qxa4 exd4 17. Bf4 Ng4 18. e5 Nxe5 19. Nd2 Be7 20.
Nb3 O-O 21. Nxd4 Nd3 22. Qa7 Qxa7 23. Rxa7 Nxe1 24. Rxe7 Be6 25. Bxd6 Ra8 26. Nxe6 fxe6 27. Kf1 Nd3 28. f3 Rf7 29. c7 Rxe7 30. Bxe7 Rc8 0-1

[Event "23rd ETCC Women 2021"]
[Site "Catez"]
[Date "2021.11.12"]
[Round "1.38"]
[White "Peptan, Corina-Isabela"]
[Black "Hapala, Elisabeth"]
[Result "1-0"]
[ECO "E11"]
[WhiteElo "2385"]
[BlackElo "2139"]
[Annotator "ChessBase"]
[PlyCount "135"]
[EventDate "2021.11.08"]
[EventType "team-tourn"]
[EventCountry "SLO"]
[SourceTitle "playchess.com"]
[Source "ChessBase"]
[SourceQuality "1"]
[WhiteTeam "Romania"]
[BlackTeam "Austria"]
[WhiteTeamCountry "ROU"]
[BlackTeamCountry "AUT"]
[TimeControl "40/5400+30:1800+30"]

1. d4 Nf6 2. c4 e6 3. Nf3 Bb4+ 4. Bd2 a5 5. e3 O-O 6. Bd3 d5 7. O-O b6 8. cxd5 exd5 9. Ne5 c5 10. Nc3 c4 11. Bc2 Bb7 12. f4 Nbd7 13.
Rf3 Bxc3 14. Bxc3 Ne4 15. Bxe4 dxe4 16. Rg3 Nxe5 17. fxe5 Bd5 18. Qg4 g6 19. Rf1 b5 20. Rf6 b4 21. Be1 c3 22. bxc3 bxc3 23. Rf2 Rb8 24. Qd1 Rb2 25. Bxc3 Rxf2 26. Kxf2 Qc7 27. Qd2 a4 28. Bb4 Rc8 29. Bc5 Qb7 30. a3 Qb1 31. Rg4 Rb8 32. Kg3 Rb3 33.
Rf4 Qd3 34. Qxd3 Rxd3 35. Rf6 Rxe3+ 36. Kf4 Re2 37. Rd6 g5+ 38. Kg3 Bb3 39. Rd8+ Kg7 40. Bf8+ Kg6 41. Rd6+ Be6 42. d5 Kf5 43. dxe6 fxe6 44. Rd1 Kxe5 45. Bd6+ Kf5 46. Rf1+ Kg6 47. Bb4 Rc2 48. Rf2 Rc1 49. Re2 Kf5 50. Kf2 Rb1 51. Rc2 e5 52. Bd2 Rb3 53. Rc3 Rb2 54. Ke2 Ra2 55. Rh3 Kg6 56. g4 h6 57. Rc3 Ra1 58.
Rc6+ Kh7 59. Bb4 Rg1 60. h3 Rh1 61. Ke3 Rxh3+ 62. Kxe4 Rg3 63. Kf5 Rf3+ 64. Kxe5 Rf4 65. Bd6 Kg7 66. Ke6 Rxg4 67. Kf5 Rg1 68.
Rc7+ 1-0

[Event "23rd ETCC Women 2021"]
[Site "Catez"]
[Date "2021.11.12"]
[Round "1.39"]
[White "Teuschler, Barbara"]
[Black "Sandu, Mihaela"]
[Result "0-1"]
[ECO "B22"]
[WhiteElo "2115"]
[BlackElo "2244"]
[Annotator "NA"]
[PlyCount "80"]
[EventDate "2021.11.08"]
[EventType "team-tourn"]
[EventCountry "SLO"]
[SourceTitle "playchess.com"]
[Source "ChessBase"]
[SourceQuality "1"]
[WhiteTeam "Austria"]
[BlackTeam "Romania"]
[WhiteTeamCountry "AUT"]
[BlackTeamCountry "ROU"]
[TimeControl "40/5400+30:1800+30"]

1. e4 c5 2. c3 Nf6 3. e5 Nd5 4. d4 cxd4 5. Nf3 e6 6. cxd4 d6 7. Bc4 Be7 8. O-O O-O 9. Qe2 b6 10. Qe4 Ba6 11. Bxa6 Nxa6 12. Qg4 Kh8 13. Bg5 dxe5 14. dxe5 Bxg5 15. Nxg5 h6 16. Nf3 Rc8 17. Na3 Nab4 18. Nb5 Rc2 19. a3 Nc6 20. Rab1 Rc5 21. Qa4 Qd7 22. Rbc1 Rxc1 23. Rxc1 Nce7 24. Qa6 Nf4 25. Nd6 Kh7 26. Qc4 Ned5 27. g3 Ng6 28. Ne4 Nde7 29. h4 Rc8 30. Qf1 Rxc1 31. Qxc1 Qd5 32. Qc2 Kg8 33. Nfd2 Nxe5 34. Qc7 N7c6 35. Qc8+ Kh7 36. Qf8 f5 37. Nd6 Qxd2 38. Ne8 Qd1+ 39. Kg2 Qd5+ 40. Kh3 Qh1# 0-1

[Event "23rd ETCC Women 2021"]
[Site "Catez"]
[Date "2021.11.12"]
[Round "1.40"]
[White "Ciolacu, Alessia-Mihaela"]
[Black "Froewis, Annika"]
[Result "1-0"]
[ECO "D36"]
[WhiteElo "2263"]
[BlackElo "2079"]
[Annotator "NA"]
[PlyCount "59"]
[EventDate "2021.11.08"]
[EventType "team-tourn"]
[EventCountry "SLO"]
[SourceTitle "playchess.com"]
[Source "ChessBase"]
[SourceQuality "1"]
[WhiteTeam "Romania"]
[BlackTeam "Austria"]
[WhiteTeamCountry "ROU"]
[BlackTeamCountry "AUT"]
[TimeControl "40/5400+30:1800+30"]

1. d4 d5 2. c4 e6 3. Nc3 Nf6 4. cxd5 exd5 5. Bg5 Be7 6. e3 c6 7. Bd3 Nbd7 8. h3 O-O 9. Qc2 Re8 10. Bf4 Nf8 11. Nf3 Ne6 12. Be5 g6 13.
O-O-O b5 14. Kb1 a5 15. Rc1 Bb7 16. g4 Rc8 17. Rhg1 Nd7 18.
Ne2 b4 19. Nf4 Nef8 20. g5 c5 21. Bb5 Qb6 22. Qa4 Nxe5 23.
Nxe5 Red8 24. dxc5 Rxc5 25. Be8 Rxc1+ 26. Rxc1 Bxg5 27. Nxf7 d4 28. Nxg5 dxe3 29. Qb3+ Kh8 30. Nf7+ 1-0